 Seeded DCSS version 0.30.1-3-gfc49f6343a (webtiles) character file.

Game seed: 8049200169454021912 (custom seed)

287 CInkIbrahim the Poker (level 6, 0/70 HPs)
             Began as a Formicid Fighter on July 22, 2023.
             Was a Believer of Makhleb.
             Slain by a black bear (4 damage)
             ... on level 3 of the Dungeon.
             The game lasted 00:04:03 (1666 turns).

CInkIbrahim the Poker (Formicid Fighter)            Turns: 1666, Time: 00:04:03

Health: 0/70       AC: 23    Str: 23    XL:     6   Next: 56%
Magic:  6/6        EV:  2    Int:  7    God:    Makhleb [**....]
Gold:   72         SH:  5    Dex: 13    Spells: 5/5 levels left

rFire   . . .        a - +0 trident
rCold   . . .        c - +0 buckler
rNeg    . . .        i - melded +0 scale mail
rPois   +            (helmet unavailable)
rElec   .            q - melded +0 cloak
rCorr   .            (gloves currently unavailable)
SInv    .            (boots currently unavailable)
Will    .....        (no amulet)
Stlth   +            g - ring of poison resistance
HPRegen 0.31/turn    (no ring)
MPRegen 0.10/turn

%: no passive effects
@: tree-form
A: stationary, stasis, torment immunity, boosted hp, permanent stasis, dig
shafts and tunnels, (antennae 3), four strong arms
a: Renounce Religion, Minor Destruction


You were on level 3 of the Dungeon.
You worshipped Makhleb.
Makhleb was pleased with you.
You were a tree.
You visited 1 branch of the dungeon, and saw 3 of its levels.

You collected 156 gold pieces.
You spent 84 gold pieces at shops.

Inventory:

Hand Weapons
 a - a +0 trident (weapon)
 b - the +6 sling of the Moon {heavy, Will++ Dex-4 SInv}
   (You found it on level 3 of the Dungeon)

   Dex:       It affects your dexterity (-4).
   SInv:      It lets you see invisible.
   Will:      It greatly increases your willpower.
 r - a +0 sling of freezing
Missiles
 p - 5 poisoned darts
Armour
 c - a +0 buckler (worn)
 i - a +0 scale mail (melded)
 q - a +0 cloak (melded)
Jewellery
 g - a ring of poison resistance (left branch)
Wands
 f - a wand of flame (20)
Scrolls
 h - 2 scrolls of blinking {unknown}
 j - a scroll of immolation {unknown}
 l - a scroll of brand weapon
 m - a scroll of noise {unknown}
Potions
 d - 2 potions of might
 e - 2 potions of cancellation
 o - a potion of attraction {unknown}


   Skills:
 - Level 3.2 Fighting
 + Level 6.4 Polearms
 - Level 3.2 Armour
 - Level 4.0 Shields


You had 5 spell levels left.
You didn't know any spells.
Your spell library was empty.

Dungeon Overview and Level Annotations

Branches:
Dungeon (3/15)

Altars:
Makhleb

Shops:
D:2 !:!


Innate Abilities, Weirdness & Mutations

You are a tree.
Your roots penetrate the ground, keeping you stationary.
You cannot be teleported.
You are immune to unholy pain and torment.
Your maximum health is greatly increased.
Your equipment is partially melded.
You cannot be hasted, slowed, berserked, paralysed or teleported.
You can dig through walls and to a lower floor.
((You have a pair of large antennae on your head. (SInv)))
Your four strong arms can wield two-handed weapons with a shield.


Message History

A black bear is nearby!
You are too injured to fight recklessly!
A black bear is nearby!
You are too injured to fight recklessly!
You are too injured to fight recklessly!
a - a +0 trident (weapon)
You block the black bear's attack.
The black bear claws you but does no damage.
The black bear claws you.
* * * LOW HITPOINT WARNING * * *
You are too injured to fight recklessly!
You are too injured to fight recklessly!
You hit the black bear.
The black bear is almost dead.
You block the black bear's attack. The black bear claws you.
* * * LOW HITPOINT WARNING * * *
The black bear claws you but does no damage.
You hit the black bear but do no damage.
The black bear is almost dead.
The black bear bites you.
* * * LOW HITPOINT WARNING * * *
The black bear closely misses you.
The black bear claws you but does no damage.
The black bear bites you but does no damage.
The black bear closely misses you. The black bear claws you.
* * * LOW HITPOINT WARNING * * *
Unknown command.
You feel better. The black bear bites you.
* * * LOW HITPOINT WARNING * * *
The black bear closely misses you. You block the black bear's attack.
Really quaff the potion of lignification?
You turn into a tree.
Your +0 cloak melds into your body.
Your +0 scale mail melds into your body.
Your roots penetrate the ground.
The black bear completely misses you. The black bear claws you.
* * * LOW HITPOINT WARNING * * *
The black bear claws you but does no damage.
The black bear bites you but does no damage.
The black bear claws you.
You die...

... #.# #.# ..# ##
##.## .. #.?. .#
#. . #.#.h# .#
#..#..#.#.♣# #.#
#..#..#.#..# #.#
#..........#
###.####.#..#.#..#
.........†..#.#..#
##..####.........#
#..# ##......##
#..#########.###
##............#


You could see a black bear (berserk).

Vanquished Creatures
  Grinder (D:3)
  A gnoll (D:1)
  3 worms
  A dart slug (D:2)
  6 ball pythons
  4 bats
  4 endoplasms
  4 giant cockroaches
  7 goblins
  7 hobgoblins
  6 jackals
  9 kobolds
  4 quokkas
  A frilled lizard (D:1)
  4 rats
62 creatures vanquished.

Notes
Turn   | Place    | Note
-------+----------+-------------------------------------------
     0 | D:1      | CInkIbrahim the Formicid Fighter began the quest for the
                  | Orb.
     0 | D:1      | Reached XP level 1. HP: 18/18 MP: 1/1
    51 | D:1      | Reached XP level 2. HP: 13/24 MP: 2/2
    96 | D:1      | Found a faded altar of an unknown god.
   117 | D:1      | Reached skill level 3 in Polearms
   152 | D:1      | Prayed at the altar of an unknown god.
   152 | D:1      | Became a worshipper of Makhleb the Destroyer
   152 | D:1      | Reached * piety under Makhleb
   245 | D:1      | Reached XP level 3. HP: 26/29 MP: 3/3
   561 | D:2      | Reached skill level 4 in Polearms
   561 | D:2      | Reached XP level 4. HP: 35/35 MP: 4/4
   647 | D:2      | Reached ** piety under Makhleb
   688 | D:2      | Found Ceaduch's Distillery.
   845 | D:2      | Found Dyovvoc's Book Shop.
   868 | D:2      | Found Jeggeptyr's Distillery.
   878 | D:2      | Bought a potion of lignification for 42 gold pieces
  1129 | D:2      | Bought a potion of curing for 42 gold pieces
  1402 | D:3      | Noticed Grinder
  1425 | D:3      | Killed Grinder
  1426 | D:3      | Reached skill level 6 in Polearms
  1426 | D:3      | Reached XP level 5. HP: 17/41 MP: 5/5
  1426 | D:3      | Reached XP level 6. HP: 19/47 MP: 6/6
  1599 | D:3      | Identified the +6 sling of the Moon {heavy, Will++ Dex-4
                  | SInv}
  1656 | D:3      | Noticed a black bear
  1664 | D:3      | HP: 1/47 [black bear (3)]
  1666 | D:3      | Slain by a black bear

Illustrated notes

Levels and vault maps discovered:
D:1:      lightli_arrival_boilingwater, layout_rooms,
          shapermc_ecumenical_altar_starsandcircs
D:2:      layout_rooms, serial_shops, nicolae_shop_crystal,
          nicolae_shop_waterfront, shop, corner_web_ring
D:3:      layout_loops_ring, minmay_starry_boxes, uniq_grinder

Skill      XL: |  1  2  3  4 |
---------------+-------------+-----
Polearms       | 3 4 6 |  6.4
Fighting       | |  3.2
Armour         | |  3.2
Shields        | |  4.0

Action                     |  1- 3 |  4- 6 || total
---------------------------+-------+-------++-------
  Melee: Trident           |   103 |    91 ||   194
   Fire: Sling             |       |    11 ||    11
  Throw: Dart              |       |     5 ||     5
Ability: Dig               |       |     2 ||     2
    Use: Scroll            |       |     3 ||     3
         Potion            |       |     3 ||     3
   Stab: Invisible         |       |     2 ||     2
 Armour: Scale mail        |    43 |    25 ||    68
         Skin              |       |     2 ||     2
  Dodge: Dodged            |    37 |    42 ||    79
  Block: Buckler           |    29 |    19 ||    48
